 Dungeon Crawl Stone Soup version 0.22.1-2-g9c5b331 (webtiles) character file.

1594 Chrysalice the Reanimator (level 8, -1/64 HPs)
             Began as a Deep Dwarf Necromancer on Dec 4, 2018.
             Slain by an orc warrior
             ... wielding a +0 trident
              (6 damage)
             ... on level 6 of the Dungeon on Dec 6, 2018.
             The game lasted 00:41:21 (6221 turns).

Chrysalice the Reanimator (Deep Dwarf Necromancer)  Turns: 6221, Time: 00:41:22

Health: -1/64      AC:  6    Str: 11    XL:     8   Next: 62%
Magic:  3/16       EV: 11    Int: 18    God:
Gold:   286        SH:  0    Dex: 14    Spells: 9/18 levels left

rFire    + . .     SeeInvis .   m - +3 dagger (distort)
rCold    . . .     Gourm    .   (no shield)
rNeg     . . .     Faith    .   a - +1 ring mail {rF+}
rPois    .         Spirit   .   (no helmet)
rElec    .         Reflect  .   (no cloak)
rCorr    .         Harm     .   (no gloves)
MR       +....                  (no boots)
Stlth    ++........             (no amulet)
HPRegen  0.00/turn              (no ring)
MPRegen  0.15/turn              (no ring)

@: non-regenerating
A: damage resistance, heal wounds, sense surroundings 1, no regeneration
a: Heal Wounds


You were on level 6 of the Dungeon.
You were not hungry.

You visited 1 branch of the dungeon, and saw 6 of its levels.

You collected 286 gold pieces.

Inventory:

Hand Weapons
 d - a +1 dagger
 m - a +3 dagger of distortion (weapon)
 q - a +1 flail of venom
 s - a +1 scythe of slicing
Missiles
 b - 175 stones (quivered)
Armour
 a - a +1 ring mail of fire resistance (worn)
Jewellery
 e - an uncursed ring of see invisible {unknown}
 k - a +5 amulet of reflection {unknown}
 l - an uncursed amulet of faith {unknown}
 r - a +2 ring of dexterity {unknown}
Wands
 f - a wand of flame (13)
 j - a wand of digging (14)
Scrolls
 h - 2 scrolls of teleportation
 t - a scroll of amnesia {unknown}
 w - a scroll of remove curse
Potions
 g - 3 potions of ambrosia {unknown}
 i - 2 potions of lignification {unknown}
 n - 2 potions of magic {unknown}
 o - a potion of flight {unknown}
 u - a potion of curing {unknown}
 v - a potion of heal wounds
Comestibles
 c - 6 rations


   Skills:
 + Level 1.0 Fighting
 + Level 1.5 Short Blades
 + Level 1.2 Maces & Flails
 + Level 3.9 Armour
 + Level 2.7 Dodging
 + Level 2.7 Stealth
 + Level 5.7 Spellcasting
 + Level 8.7 Necromancy
 + Level 1.2 Evocations


You had 9 spell levels left.
You knew the following spells:

 Your Spells              Type           Power        Failure   Level  Hunger
a - Pain                  Necr           ####         1%          1    None
b - Animate Skeleton      Necr           N/A          1%          1    None
c - Vampiric Draining     Necr           #####.....   2%          3    ##.....
d - Animate Dead          Necr           N/A          8%          4    ####...

Your spell library contained the following spells:

 Spells                   Type           Power        Failure   Level  Hunger
 Confusing Touch          Hex            #.....       28%         1    None
 Confuse                  Hex            #.......     63%         3    ##.....
 Gell's Gravitas          Tloc           #.........   63%         3    ##.....
 Petrify                  Tmut/Erth      #.......     95%         4    ####...
 Metabolic Englaciation   Hex/Ice        #.........   100%        5    #####..
 Yara's Violent Unravell  Hex/Tmut       #.........   100%        5    #####..
 Regeneration             Chrm/Necr      Unusable     N/A         3    N/A

Dungeon Overview and Level Annotations

Branches:
Dungeon (6/15)
 Temple: D:4-7

Altars:
Fedhas
Makhleb
Qazlal


Innate Abilities, Weirdness & Mutations

You are resistant to damage.
You can heal yourself by infusing magical energy.
You passively map a small area around you.
You do not regenerate.


Message History

Your worker ant zombie is destroyed!
The orc warrior hits you with a trident!
* * * LOW HITPOINT WARNING * * *
Casting: Animate Dead (safe; 8% risk of failure)
Confirm with . or Enter, or press ? or * to list all spells.
You don't have enough magic to cast that spell.
Unknown command.
You hit the orc warrior.
The orc warrior is lightly wounded.
The orc warrior blinks!
The orc warrior hits you but does no damage.
There is a stone staircase leading up here.
Casting: Animate Dead (safe; 8% risk of failure)
Confirm with . or Enter, or press ? or * to list all spells.
You don't have enough magic to cast that spell.
You hit the orc warrior.
Space warps horribly around the orc warrior!
The orc warrior is severely wounded.
The orc warrior hits you with a trident!
You die...

, , ,,
*, , * ,
* * ####
, , ..#
, #o# ,
, , #@#,
* * #<#
,, ,,
#.# ,
(.. , ,
...#., *
,
#...#..
,
#.#.#,.#
#.#.. .#
..#.. #


You could see an orc warrior.

Vanquished Creatures
  Sigmund (D:4)
  Menkaure (D:4)
  A water moccasin (D:5)
  An ogre (D:5)
  2 phantoms (D:4)
  A centaur (D:5)
  2 howler monkeys
  A crimson imp (D:5)
  A hound (D:4)
  A gnoll shaman (D:5)
  A centaur skeleton (D:4)
  3 orc priests
  Ijyb (D:4)
  A jelly (D:5)
  5 orc wizards
  Jessica (D:2)
  4 worker ants
  Natasha (D:3)
  8 adders
  5 gnolls
  An ooze (D:5)
  3 worms
  2 dart slugs
  14 orcs
  4 bats
  3 giant cockroaches
  8 goblins
  7 hobgoblins
  9 jackals (D:3)
  6 kobolds
  4 quokkas
  A ball python (D:5)
  6 frilled lizards
  A jackal skeleton (D:4)
  A quokka skeleton (D:4)
  6 rats
118 creatures vanquished.

Vanquished Creatures (collateral kills)
  A bullfrog skeleton (D:5)
  A jelly (D:5)
  A dart slug (D:3)
  A giant cockroach (D:2)
  A jackal (D:3)
  A kobold (D:2)
  A rat (D:1)
7 creatures vanquished.

Vanquished Creatures (others)
  An adder (D:3)
  2 orcs
  A hobgoblin (D:2)
4 creatures vanquished.

Grand Total: 129 creatures vanquished

Notes
Turn   | Place    | Note
-------+----------+-------------------------------------------
     0 | D:1      | Chrysalice the Deep Dwarf Necromancer began the quest for
                  | the Orb.
     0 | D:1      | Reached XP level 1. HP: 15/15 MP: 3/3
     2 | D:1      | Learned a level 1 spell: Animate Skeleton
   131 | D:1      | Reached XP level 2. HP: 1/22 MP: 0/4
   227 | D:1      | Reached skill level 5 in Necromancy
   922 | D:2      | Reached XP level 3. HP: 28/28 MP: 1/5
  1127 | D:2      | Found a blossoming altar of Fedhas.
  1221 | D:2      | Learned a level 3 spell: Vampiric Draining
  1238 | D:2      | Noticed Jessica
  1248 | D:2      | Killed Jessica
  1248 | D:2      | Reached XP level 4. HP: 34/36 MP: 1/7
  1543 | D:2      | Found a faded altar of an unknown god.
  2150 | D:3      | Reached XP level 5. HP: 39/42 MP: 2/9
  2692 | D:3      | Reached skill level 1 in Armour
  2709 | D:3      | Learned a level 4 spell: Animate Dead
  2721 | D:3      | Noticed Natasha
  2724 | D:3      | Killed Natasha
  2724 | D:3      | Reached skill level 1 in Short Blades
  3086 | D:3      | Reached skill level 6 in Necromancy
  3622 | D:4      | Noticed Ijyb
  3629 | D:4      | Killed Ijyb
  3629 | D:4      | Reached XP level 6. HP: 32/49 MP: 0/11
  3956 | D:4      | Reached skill level 1 in Maces & Flails
  4167 | D:4      | Reached skill level 7 in Necromancy
  4167 | D:4      | Reached XP level 7. HP: 41/56 MP: 13/13
  4724 | D:4      | Noticed Menkaure
  4729 | D:4      | Killed Menkaure
  4830 | D:4      | Noticed Sigmund
  4840 | D:4      | Killed Sigmund
  4840 | D:4      | Reached skill level 5 in Spellcasting
  4840 | D:4      | Reached skill level 1 in Evocations
  4878 | D:4      | Found a stormy altar of Qazlal.
  4934 | D:5      | Entered Level 5 of the Dungeon
  5002 | D:5      | Reached XP level 8. HP: 37/63 MP: 9/15
  5082 | D:5      | Reached skill level 8 in Necromancy
  5616 | D:5      | Reached skill level 1 in Fighting
  5980 | D:5      | Found a burning altar of Makhleb.
  6221 | D:6      | Slain by an orc warrior

Skill      XL: |  1  2  3  4  5  6  7  8 |
---------------+-------------------------+-----
Necromancy     | 5 6 7 8 |  8.7
Spellcasting   | 2 3 4 5 |  5.7
Armour         | 1 2 3 |  3.9
Short Blades   | 1 |  1.5
Maces & Flails | 1 |  1.2
Evocations     | 1 |  1.2
Fighting       | 1 |  1.0
Dodging        | |  2.7
Stealth        | |  2.7

Action                   |  1- 3 |  4- 6 |  7- 9 || total
-------------------------+-------+-------+-------++-------
Melee: Unarmed           |     5 |       |       ||     5
       Dagger            |     5 |    87 |    52 ||   144
       Flail             |       |    18 |       ||    18
Throw: Stone             |     2 |       |       ||     2
 Cast: Pain              |    48 |    70 |    13 ||   131
       Animate Skeleton  |     7 |    11 |       ||    18
       Vampiric Draining |       |    29 |    34 ||    63
       Animate Dead      |       |     9 |    10 ||    19
Evoke: Wand              |       |     5 |     4 ||     9
  Use: Scroll            |     2 |     4 |     5 ||    11
       Potion            |     2 |     1 |       ||     3
  Eat: Ration            |     1 |     2 |     3 ||     6
       Chunk             |       |     6 |     2 ||     8
Armor: Robe              |     2 |     1 |       ||     3
       Leather armour    |       |    17 |     1 ||    18
       Ring mail         |       |       |    21 ||    21
Dodge: Dodged            |     9 |    78 |    51 ||   138
